 Dungeon Crawl Stone Soup version 0.26.1-10-gdfb7c7de75 (webtiles) character file.

Game seed: 13160088948375707527

9769 raph the Reanimator (level 11, 0/97 HPs)
             Began as a Deep Dwarf Necromancer on Apr 2, 2021.
             Was a Believer of Makhleb.
             Slain by a seven-headed hydra (13 damage)
             ... on level 2 of the Lair of Beasts.
             The game lasted 00:34:33 (15824 turns).

raph the Reanimator (Deep Dwarf Necromancer)       Turns: 15824, Time: 00:34:35

Health: 0/97       AC: 14    Str: 11    XL:     11   Next: 27%
Magic:  12/27 (18) EV: 16    Int: 20    God:    Makhleb [**....]
Gold:   331        SH:  6    Dex: 13    Spells: 3/19 levels left

rFire    + . .     SeeInvis .   a - +0 scimitar (flame)
rCold    . . .     Faith    +   x - +1 buckler
rNeg     + . .     Spirit   .   y - +0 leather armour {rF+}
rPois    .         Reflect  .   l - +1 helmet
rElec    .         Harm     .   e - +2 cloak
rCorr    .         Rampage  .   N - +2 pair of gloves
Will     +....                  M - +2 pair of boots {Stlth+}
Stlth    ++++......             G - amulet of faith
HPRegen  0.00/turn              f - ring of magical power
MPRegen  0.20/turn              v - ring of positive energy

@: non-regenerating
A: damage resistance, heal wounds, sense surroundings 2, no regeneration
a: Heal Wounds, Renounce Religion, Minor Destruction


You were on level 2 of the Lair of Beasts.
You worshipped Makhleb.
Makhleb was pleased with you.
You visited 3 branches of the dungeon, and saw 12 of its levels.

You collected 825 gold pieces.
You spent 494 gold pieces at shops.

Inventory:

Hand Weapons
 a - a +0 scimitar of flaming (weapon)
 b - a +4 hunting sling
 H - a +0 dagger of draining
 I - a +0 morningstar
Missiles
 g - 356 stones
 o - 16 sling bullets
Armour
 e - a +2 cloak (worn)
 l - a +1 helmet (worn)
 x - a +1 buckler (worn)
 y - a +0 leather armour of fire resistance (worn)
 M - a +2 pair of boots of stealth (worn)
 N - a +2 pair of gloves (worn)
Magical Staves
 C - an uncursed staff of fire
Jewellery
 f - a ring of magical power (left hand)
 v - a ring of positive energy (right hand)
 G - an amulet of faith (around neck)
Wands
 k - a wand of flame (2)
 n - a wand of iceblast (12)
 s - a wand of polymorph (18)
 t - a wand of acid (9)
 E - a wand of disintegration (21)
Scrolls
 d - a scroll of magic mapping
 h - 5 scrolls of fog
 i - a scroll of blinking
 j - 4 scrolls of remove curse
 m - 2 scrolls of identify
 u - a scroll of amnesia
 F - 3 scrolls of teleportation
Potions
 c - 3 potions of attraction
 p - 3 potions of heal wounds
 q - 2 potions of curing
 A - a potion of magic
 B - a potion of resistance
 D - a potion of cancellation
 K - a potion of brilliance


   Skills:
 + Level 5.8 Fighting
 * Level 5.2 Slings
 + Level 1.5 Armour
 + Level 8.1 Dodging
 - Level 7.8 Stealth
 - Level 4.0 Shields
 + Level 4.8 Spellcasting
 * Level 11.6 Necromancy
 + Level 5.3 Invocations


You had 3 spell levels left.
You knew the following spells:

 Your Spells              Type           Power        Failure   Level
a - Pain                  Necr           100%         1%          1
b - Animate Skeleton      Necr           100%         1%          1
c - Vampiric Draining     Necr           25%          1%          3
d - Animate Dead          Necr           25%          1%          4
e - Agony                 Necr           51%          3%          5
f - Wereblood             Tmut           4%           24%         2

Your spell library contained the following spells:

 Spells                   Type           Power        Failure   Level
 Beastly Appendage        Tmut           8%           16%         1
 Corona                   Hex            4%           16%         1
 Slow                     Hex            4%           24%         2
 Inner Flame              Hex/Fire       4%           43%         3
 Portal Projectile        Hex/Tloc       8%           43%         3
 Spider Form              Tmut/Pois      2%           43%         3
 Cause Fear               Hex            2%           83%         4
 Ice Form                 Ice/Tmut       4%           83%         4
 Leda's Liquefaction      Hex/Erth       2%           83%         4
 Blade Hands              Tmut           2%           99%         5


Dungeon Overview and Level Annotations

Branches:
Dungeon (9/15)             Temple (1/1) D:5            Lair (2/6) D:9
    Orc (0/2) D:9
  Swamp: Lair:2-4    Shoals: Lair:2-4     Snake: Lair:2-4    Spider: Lair:2-4

Altars:
Ashenzari
Cheibriados
Dithmenos
Elyvilon
Fedhas
Gozag
Hepliaklqana
Kikubaaqudgha
Makhleb
Nemelex Xobeh
Okawaru
Qazlal
Ru
Sif Muna
Trog
Uskayaw
Vehumet
Wu Jian
Xom
Yredelemnul
Zin
The Shining One
Beogh

Shops:
D:4 (   D:9 *([!


Innate Abilities, Weirdness & Mutations

You are resistant to damage.
You can heal yourself by infusing magical energy.
You passively map the area around you.
You do not regenerate.


Message History

You hit the seven-headed hydra. You burn the seven-headed hydra.
The seven-headed hydra is moderately wounded.
The seven-headed hydra bites you!
* * * LOW HITPOINT WARNING * * *
The seven-headed hydra bites you but does no damage.
The seven-headed hydra completely misses you.
The seven-headed hydra misses you. The seven-headed hydra bites you.
* * * LOW HITPOINT WARNING * * *
The seven-headed hydra bites you!
* * * LOW HITPOINT WARNING * * *
You block the seven-headed hydra's attack.
The elephant tramples your elephant zombie!
Your elephant zombie holds its ground!
The elephant trunk-slaps your elephant zombie.
Your elephant zombie tramples the seven-headed hydra.
Your elephant zombie trunk-slaps the seven-headed hydra.
Your elephant zombie tramples the elephant.
Your elephant zombie trunk-slaps the elephant but does no damage.
The seven-headed hydra misses you. The seven-headed hydra bites you!
You die...

..(.......# , *
.........# , ......D#**
,, , .#<....# * , , , *
#l...### , , .Y..## * ,
, .....# ...### ### *,,
, ....##### #@## . * *
##...Y.P###
####ZD#..##**
####...#.###.#.ZY....#,
###...D.......Z.....
####.l......$....., *
#..#............ ,
####.#..........,
##...#....... ,,
*.#..........


You could see a seven-headed hydra, an elephant and 3 friendly elephant zombies.

Vanquished Creatures
  Erica (D:8)
  A two-headed ogre (D:8)
  Pikel (D:4)
  A manticore (D:7)
  5 elephants
  2 cane toads (Lair:1)
  2 komodo dragons
  A rime drake (Lair:1)
  Prince Ribbit (D:7)
  Sigmund (D:5)
  Menkaure (D:6)
  A water moccasin (Lair:2)
  6 orc warriors
  2 ice beasts
  3 ogres
  A necrophage (D:7)
  2 phantoms (D:5)
  2 centaurs
  7 bullfrogs
  A water moccasin zombie (D:4)
  3 scorpions
  5 killer bees
  2 electric eels (D:7)
  5 howler monkeys
  A centaur zombie (D:4)
  A quasit (D:6)
  3 jellies
  3 orc priests
  3 hounds
  7 orc wizards
  3 bullfrog skeletons
  4 iguanas
  7 worker ants
  A hound skeleton (D:4)
  2 hound zombies
  2 howler monkey zombies (D:4)
  2 worker ant zombies (D:4)
  10 adders
  3 shadow imps
  4 white imps
  3 ufetubi
  2 adder zombies
  2 adder skeletons
  A worm (D:2)
  2 dart slugs
  10 leopard geckos
  54 orcs
  10 bats
  3 giant cockroaches (D:2)
  9 hobgoblins
  10 jackals
  10 kobolds
  2 quokkas (D:6)
  3 ball pythons (D:3)
  6 frilled lizards
  5 goblins
  A jackal zombie (D:3)
  4 rats
  A spectral orc (D:7)
251 creatures vanquished.

Vanquished Creatures (collateral kills)
  An orc warrior (D:8)
  An ogre (D:9)
  A hound skeleton (D:4)
  An adder skeleton (D:8)
  3 orcs (D:8)
7 creatures vanquished.

Vanquished Creatures (others)
  2 fungi (Lair:2)
  11 plants
  3 withered plants (D:4)
16 creatures vanquished.

Grand Total: 274 creatures vanquished

Notes
Turn   | Place    | Note
-------+----------+-------------------------------------------
     0 | D:1      | raph the Deep Dwarf Necromancer began the quest for the
                  | Orb.
     0 | D:1      | Reached XP level 1. HP: 15/15 MP: 3/3
    63 | D:1      | Learned a level 1 spell: Animate Skeleton
   345 | D:1      | Reached XP level 2. HP: 22/22 MP: 0/4
  1554 | D:2      | Reached XP level 3. HP: 19/28 MP: 4/6
  1558 | D:2      | Learned a level 3 spell: Vampiric Draining
  1910 | D:2      | Reached skill level 5 in Necromancy
  2689 | D:2      | Reached XP level 4. HP: 23/36 MP: 0/7
  2985 | D:2      | Reached XP level 5. HP: 22/42 MP: 0/8
  3436 | D:3      | Found a bloodstained altar of Trog.
  4150 | D:3      | Reached skill level 6 in Necromancy
  4317 | D:3      | Reached XP level 6. HP: 47/49 MP: 2/10
  4322 | D:3      | Learned a level 4 spell: Animate Dead
  5330 | D:4      | Reached skill level 1 in Fighting
  5868 | D:4      | Reached XP level 7. HP: 50/57 MP: 11/11
  5902 | D:4      | Reached skill level 5 in Stealth
  6022 | D:4      | Reached skill level 7 in Necromancy
  6457 | D:4      | Found Uteg Vym's Antique Weapon Shop.
  6722 | D:4      | Noticed Pikel
  6733 | D:4      | Killed Pikel
  6734 | D:4      | Reached skill level 5 in Dodging
  6734 | D:4      | Reached skill level 8 in Necromancy
  6734 | D:4      | Reached XP level 8. HP: 33/69 MP: 12/12
  7058 | D:4      | Found an ornate altar of the Wu Jian Council.
  7381 | D:5      | Entered Level 5 of the Dungeon
  7915 | D:5      | Reached skill level 9 in Necromancy
  8175 | D:5      | Noticed Sigmund
  8190 | D:5      | Killed Sigmund
  8464 | D:5      | Gained mutation: You passively map the area around you.
                  | [Deep Dwarf growth]
  8464 | D:5      | Reached XP level 9. HP: 78/78 MP: 13/13
  8513 | D:5      | Found a staircase to the Ecumenical Temple.
  8522 | Temple   | Entered the Ecumenical Temple
  8529 | Temple   | Became a worshipper of Makhleb the Destroyer
  8957 | D:6      | Noticed Menkaure
  8964 | D:6      | Killed Menkaure
  8965 | D:6      | Reached skill level 1 in Shields
  9147 | D:6      | Reached skill level 1 in Slings
 10119 | D:6      | Learned a level 5 spell: Agony
 10580 | D:7      | Found a blossoming altar of Fedhas.
 10628 | D:7      | Noticed Prince Ribbit
 10639 | D:7      | Killed Prince Ribbit
 10640 | D:7      | Reached skill level 10 in Necromancy
 10707 | D:7      | Found a shimmering blue altar of Sif Muna.
 10709 | D:7      | Found a blossoming altar of Fedhas.
 10744 | D:7      | Reached skill level 1 in Invocations
 10831 | D:7      | Reached * piety under Makhleb
 10984 | D:7      | Noticed a manticore
 10994 | D:7      | Killed a manticore
 11238 | D:7      | Reached XP level 10. HP: 64/87 MP: 2/15
 11614 | D:7      | Found a basalt altar of Yredelemnul.
 12137 | D:7      | Learned a level 2 spell: Wereblood
 12282 | D:8      | Reached ** piety under Makhleb
 12419 | D:8      | Found a roughly hewn altar of Beogh.
 12534 | D:8      | Noticed a two-headed ogre
 12545 | D:8      | Killed a two-headed ogre
 12821 | D:8      | Reached skill level 5 in Fighting
 13017 | D:8      | Noticed Erica
 13030 | D:8      | Killed Erica
 13311 | D:9      | Found Wugewk's Distillery.
 13314 | D:9      | Bought a potion of heal wounds for 60 gold pieces
 13314 | D:9      | Bought a potion of heal wounds for 60 gold pieces
 13483 | D:9      | Found a staircase to the Orcish Mines.
 13484 | D:9      | Found a staircase to the Lair.
 13505 | D:9      | Reached skill level 11 in Necromancy
 13953 | D:9      | Found Taqedysh's Weapon Emporium.
 14180 | D:9      | Found Olimig's Antique Armour Boutique.
 14184 | D:9      | Bought a pair of glowing boots for 187 gold pieces
 14184 | D:9      | Bought a pair of glowing gloves for 187 gold pieces
 14357 | D:9      | Found Icull's General Store.
 14615 | Lair:1   | Entered Level 1 of the Lair of Beasts
 14696 | Lair:1   | Noticed a cane toad
 14706 | Lair:1   | Killed a cane toad
 14849 | Lair:1   | Noticed a cane toad
 14856 | Lair:1   | Killed a cane toad
 14955 | Lair:1   | Reached XP level 11. HP: 96/96 MP: 17/17
 15540 | Lair:2   | Noticed a five-headed hydra
 15769 | Lair:2   | Noticed a seven-headed hydra
 15802 | Lair:2   | Reached skill level 1 in Armour
 15802 | Lair:2   | Reached skill level 5 in Invocations
 15814 | Lair:2   | Reached skill level 5 in Slings
 15824 | Lair:2   | Slain by a seven-headed hydra

Illustrated notes

Levels and vault maps discovered:
D:1:      dpeg_arrival_ternary, layout_rooms, corexii_hall_statues_i,
          chequers_mini_garden
D:2:      layout_basic, grunt_ministairs_6
D:3:      layout_loops_corners, minmay_misc_feat_roman, trog_butcher_becter
D:4:      layout_loops_ring, kennysheep_mini, serial_shops, shop, serial_undead,
          serial_undead_a, serial_undead_d, serial_undead_e, serial_undead_f,
          uniq_pikel
D:5:      layout_basic, minmay_temple_entry_mini_moons, uniq_sigmund
D:6:      layout_gridville, minivault_22, uniq_menkaure
D:7:      layout_loops_ring, yredelemnul_forgotten_temple_becter,
          nicolae_overflow_hidden_temple, basic_altar, nicolae_lava_and_water,
          uniq_prince_ribbit1
D:8:      layout_loops_ring, special_room [special_room_orc], uniq_erica
D:9:      layout_grid_maze, david_lair_shrubbed, orc_0_dummy, serial_shops,
          shop, nicolae_shop_trees, nicolae_shop_behind_doors,
          nicolae_shop_trees, serial_bayou_pond_c
Temple:   nicolae_temple_no_exploring_needed
Lair:1:   layout_regular_city, patterned_corridor, lemuel_fruit_fields
Lair:2:   layout_cave_pods, gauntlet_entry_generic, disabler_island,
          lemuel_fruit_tree, uniq_gastronok

Skill      XL: |  1  2  3  4  5  6  7  8  9 10 11 |
---------------+----------------------------------+-----
Spellcasting   | 2 3 4 |  4.8
Stealth        | 3 4 6 7 |  7.8
Necromancy     | 5 6 8 9 10 11 | 11.6
Dodging        | 3 4 5 6 7 8 |  8.1
Fighting       | 1 3 4 5 |  5.8
Shields        | 3 4 |  4.0
Slings         | 2 4 5 |  5.2
Invocations    | 2 4 5 |  5.3
Armour         | 1 |  1.5

Action                   |  1- 3 |  4- 6 |  7- 9 | 10-12 || total
-------------------------+-------+-------+-------+-------++-------
Melee: Morningstar       |       |    17 |    92 |    26 ||   135
       Scimitar          |       |       |       |    41 ||    41
 Fire: Hunting sling     |    40 |    42 |   205 |   145 ||   432
 Cast: Pain              |    56 |    41 |    59 |     4 ||   160
       Animate Skeleton  |     5 |     5 |    10 |       ||    20
       Vampiric Draining |     4 |    35 |    79 |    77 ||   195
       Animate Dead      |       |       |     3 |     6 ||     9
       Agony             |       |       |       |     6 ||     6
       Wereblood         |       |       |       |     2 ||     2
 Abil: Heal Wounds       |       |     1 |       |       ||     1
Evoke: Wand              |       |       |       |     2 ||     2
  Use: Potion            |       |     2 |     1 |     3 ||     6
       Scroll            |       |       |    19 |    10 ||    29
 Stab: Sleeping          |       |     1 |       |       ||     1
Armor: Robe              |    10 |    27 |    76 |       ||   113
       Skin              |       |    12 |       |       ||    12
       Leather armour    |       |       |       |    61 ||    61
Dodge: Dodged            |    16 |    57 |   187 |   132 ||   392
Block: Buckler           |       |       |    13 |    61 ||    74
       Rpst.: Scimitar   |       |       |       |    14 ||    14
